[Event "ICC tourney 2905 (40 10)"]
[Site "Internet Chess Club"]
[Date "2022.05.07"]
[Round "5"]
[White "MOSS, MARVIN:mmoss2932"]
[Black "BRUDNO, STEPHEN:StevChess01"]
[Result "0-1"]
[ICCResult "White resigns"]
[WhiteElo "1458"]
[BlackElo "1468"]
[Opening "Bogo-Indian defense"]
[ECO "E11"]
[NIC "QI.01"]
[Time "20:00:52"]
[PlyCount "130"]
[TimeControl "2400+10"]

1. d4 Nf6 2. Nf3 e6 3. c4 Bb4+ 4. Bd2 Be7 5. Nc3 O-O 6. e4 d5 7. e5 Ne8 8.
Bd3 dxc4 9. Bxc4 c6 10. O-O b5 11. Bd3 Bb7 12. Qc2 g6 13. Bh6 Ng7 14. Rfd1
a6 15. Be4 Nd7 16. Rac1 Nb6 17. b3 Rc8 18. Qe2 Re8 19. Qe3 Nd5 20. Nxd5 cxd5
21. Bb1 Qd7 22. Qe2 Ba3 23. Rxc8 Rxc8 24. h3 Be7 25. Bg5 Qd8 26. Qe3 Bxg5
27. Qxg5 Qxg5 28. Nxg5 b4 29. Nf3 Rc3 30. Ne1 a5 31. Nd3 Ba6 32. Nc5 Bb5 33.
Kh2 Nh5 34. g3 Ng7 35. Rd2 Rc1 36. Bd3 Bxd3 37. Nxd3 Rc7 38. Nc5 Nf5 39. g4
Nxd4 40. Rxd4 Rxc5 41. Rd2 Kf8 42. f4 Ke7 43. g5 Kd7 44. Kg2 Kc6 45. Kg3
Rc3+ 46. Kg2 Kc5 47. h4 d4 48. Kf2 Kd5 49. Ke2 Ke4 50. Kf2 d3 51. Ke1 Ke3
52. Kd1 Rc2 53. Rxc2 dxc2+ 54. Kxc2 Kxf4 55. Kd3 Kxe5 56. Kc4 Kd6 57. Kd4
e5+ 58. Ke4 Ke6 59. Ke3 Kd5 60. Kd3 e4+ 61. Ke3 Ke5 62. Ke2 f5 63. gxf6 Kxf6
64. Kf2 Ke5 65. Ke3 h6 {White resigns} 0-1

[Event "ICC tourney 2905 (40 10)"]
[Site "Internet Chess Club"]
[Date "2022.05.07"]
[Round "5"]
[White "RAMKUMAR, NIKHIL:nikhilramkumar"]
[Black "CAI, ALAN ZHUOCHENG:flying-ninja"]
[Result "0-1"]
[ICCResult "White forfeits on time"]
[WhiteElo "1185"]
[BlackElo "1416"]
[Opening "Sicilian: closed"]
[ECO "B23"]
[NIC "SI.44"]
[Time "20:00:16"]
[PlyCount "40"]
[TimeControl "2400+10"]

1. e4 c5 2. Nc3 d6 3. g3 Nf6 4. Bg2 Nc6 5. f4 e6 6. d3 Be7 7. Be3 O-O 8.
Nge2 d5 9. exd5 exd5 10. d4 c4 11. O-O Re8 12. Qd2 Bb4 13. a3 Bf8 14. f5 h6
15. Nf4 Bxf5 16. Nfxd5 Nxd5 17. Nxd5 Be4 18. Bxe4 Rxe4 19. Nc3 Re8 20. Qf2
f6 {White forfeits on time} 0-1

[Event "ICC tourney 2905 (40 10)"]
[Site "Internet Chess Club"]
[Date "2022.05.07"]
[Round "5"]
[White "GEVORGYAN, DAVIT:Davo29"]
[Black "AKULA, MAHIT:Judtyr123"]
[Result "1/2-1/2"]
[ICCResult "Game drawn by mutual agreement"]
[WhiteElo "1676"]
[BlackElo "1697"]
[Opening "Caro-Kann: exchange, Rubinstein variation"]
[ECO "B13"]
[NIC "CK.02"]
[Time "20:00:13"]
[PlyCount "116"]
[TimeControl "2400+10"]

1. e4 c6 2. d4 d5 3. exd5 cxd5 4. Bd3 Nc6 5. c3 Nf6 6. Bf4 Qb6 7. Qb3 Qxb3
8. axb3 a6 9. b4 Nh5 10. Bg3 Nxg3 11. hxg3 Rb8 12. Nd2 g6 13. Ngf3 Bg7 14.
b5 axb5 15. Bxb5 Bd7 16. Ke2 O-O 17. Ra3 Rfc8 18. Rha1 e5 19. dxe5 Nxe5 20.
Bxd7 Nxd7 21. Nb3 b6 22. Ra7 Nc5 23. Nbd4 Ne4 24. Rd7 Rd8 25. Raa7 Rxd7 26.
Rxd7 Nc5 27. Rxd5 Ra8 28. Rd6 Na4 29. Nd2 Nxb2 30. Rxb6 Na4 31. Rc6 Nxc3+
32. Rxc3 Bxd4 33. Rd3 Bg7 34. g4 Ra2 35. Kf3 h6 36. Ne4 Be5 37. g3 Kg7 38.
Rb3 Bf6 39. Rb7 Ra3+ 40. Kg2 Bd4 41. Nd6 Ra7 42. Rxa7 Bxa7 43. Kf3 Kf6 44.
Ke2 Ke6 45. Ne4 Bd4 46. f4 f5 47. gxf5+ gxf5 48. Nd2 h5 49. Nf3 Bc5 50. Ng5+
Kf6 51. Kf3 Kg6 52. Ne6 Bd6 53. Nd4 Kf6 54. Ke3 Bc5 55. Kd3 Bb6 56. Kc4 Ba7
57. Kd5 Bb6 58. Ne2 Bf2 {Game drawn by mutual agreement} 1/2-1/2